 Dungeon Crawl Stone Soup version 0.18.1-50-g88ac8fd (console) character file.

91 CALLOUS the Sneak (level 4, 0/35 HPs)
             Began as a Vampire Monk on Nov 2, 2016.
             Slain by a gnoll
             ... wielding a +0 club
              (3 damage)
             ... on level 3 of the Dungeon.
             The game lasted 00:35:29 (3718 turns).

CALLOUS the Sneak (Vampire Monk)                    Turns: 3718, Time: 00:35:29

Health: 0/35       AC:  2    Str: 10    XL:     4   Next: 33%
Magic:  4/4        EV: 14    Int: 12    God:
Gold:   120        SH:  0    Dex: 17    Spells: 0 memorised, 3 levels left

rFire  . . .     SeeInvis +       - Unarmed
rCold  + + .     Gourm    .     a - +0 robe
rNeg   + + +     Faith    .     (no shield)
rPois  +         Spirit   .     (no helmet)
rElec  .         Dismiss  .     (no cloak)
rCorr  .         Reflect  .     (no gloves)
SustAt .         Harm     .     (no boots)
MR     .....                    (no amulet)
Stlth  +++.......               (no ring)
                                (no ring)

@: regenerating slowly, not resistant to hostile enchantments, fairly stealthy
A: fangs 3, see invisible, unbreathing
a: Bat Form


You were on level 3 of the Dungeon.
You were near bloodless.

You visited 1 branch of the dungeon, and saw 4 of its levels.

You collected 120 gold pieces.

Inventory:

Hand Weapons
 g - a +0 dagger
Missiles
 e - 90 stones (quivered)
 p - 8 arrows
 q - 9 sling bullets
 s - 27 poisoned needles
Armour
 a - a +0 robe (worn)
Jewellery
 l - an uncursed amulet of regeneration {unknown}
 v - an uncursed ring of ice {unknown}
 w - a cursed ring of protection from fire {unknown}
Scrolls
 d - 2 scrolls of remove curse {unknown}
 h - a scroll of enchant armour {unknown}
 m - 5 scrolls of identify {unknown}
 o - 5 scrolls of teleportation {unknown}
 r - a scroll of magic mapping {unknown}
 t - a scroll of fear {unknown}
 u - a scroll of recharging {unknown}
Potions
 b - 11 potions of blood
 c - 2 potions of curing {unknown}
 f - 3 potions of brilliance {unknown}
 i - 2 potions of haste {unknown}
 j - a potion of lignification {unknown}
 k - a potion of cancellation {unknown}
 n - a potion of agility {unknown}


   Skills:
 + Level 3.2 Fighting
 * Level 1.3 Short Blades
 * Level 4.1 Dodging
 * Level 4.8 Stealth
 - Level 4.3 Unarmed Combat


You had 3 spell levels left.
You didn't know any spells.

Dungeon Overview and Level Annotations

Branches:
Dungeon (4/15)
 Temple: D:4-7

Altars:

Annotations:
D:2 1 exclusion
D:3 exclusions: adder, goblin and worm, Jessica


Innate Abilities, Weirdness & Mutations

You heal slowly.
You have razor-sharp teeth.
You have supernaturally acute eyesight.
You can survive without breathing.


Message History

You climb upwards.
Level annotation: exclusions: adder, goblin and worm, Jessica
There is a stone staircase leading down here.
Press: ? - help, v - describe, . - travel
Here: a gnoll, wielding a flail (severely wounded)
The floor.
Unknown command.
You hit the gnoll but do no damage.
The gnoll is severely wounded.
The gnoll hits you with a club.
* * * LOW HITPOINT WARNING * * *
The gnoll misses you.
You hit the gnoll but do no damage.
The gnoll is severely wounded.
The gnoll hits you with a club.
* * * LOW HITPOINT WARNING * * *
You hit the gnoll.
You kill the gnoll!
The gnoll hits you with a club.
You die...

##... ###..≈♣ ##...♣≈P
##..≈♣♣PP ##..♣♣≈≈≈≈
#..♣♣≈≈≈≈≈ #.PPP≈≈≈≈P
#########.♣≈≈≈≈≈≈≈
#.........♣♣≈≈≈PP≈
######)#########P≈≈≈♣≈≈
#....#@..........♣≈PP≈≈
#.##.#g#####.#.#.##♣≈≈P
#.##.#.#####.#.#.# #♣♣♣
#.##.........#.#.# #≈
#.####.#######.#.# ##
#.# #.# #.#.# # #.# #.#
#.#.# # #.# #.# #.#.# #
#.# #.#######.#.######
#.# #.................
#.# #########.#.######


You could see a gnoll.

Vanquished Creatures
  A gnoll (D:3)
  An ooze (D:1)
  A worm (D:2)
  A dart slug (D:1)
  3 giant geckos
  A giant cockroach (D:3)
  9 goblins
  8 hobgoblins
  10 jackals (D:1)
  A quokka (D:3)
  3 ball pythons
  6 bats
  4 giant newts
  8 kobolds
  5 rats
62 creatures vanquished.

Notes
Turn   | Place    | Note
--------------------------------------------------------------
     0 | D:1      | CALLOUS the Vampire Monk began the quest for the Orb.
     0 | D:1      | Reached XP level 1. HP: 17/17 MP: 1/1
   239 | D:1      | Reached XP level 2. HP: 13/23 MP: 2/2
  1237 | D:1      | Reached skill level 1 in Short Blades
  1237 | D:1      | Reached XP level 3. HP: 29/29 MP: 3/3
  2886 | D:3      | Reached XP level 4. HP: 35/35 MP: 4/4
  3092 | D:3      | Noticed Jessica
  3718 | D:3      | Slain by a gnoll

Skill      XL: |  1  2  3 |
---------------+----------+-----
Fighting       | 3 |  3.2
Short Blades   | 1 |  1.3
Dodging        | 4 |  4.1
Stealth        | 4 |  4.8
Unarmed Combat | |  4.3

Action                   |  1- 3 |  4- 6 || total
-------------------------+-------+-------++-------
Melee: Unarmed           |   137 |    32 ||   169
       Bite              |    10 |     4 ||    14
       Punch             |     5 |       ||     5
Throw: Stone             |    75 |    15 ||    90
 Abil: End Transformatio |    25 |    11 ||    36
       Bat Form          |    25 |    11 ||    36
 Stab: Sleeping          |    13 |     5 ||    18
Armor: Robe              |    17 |     1 ||    18
Dodge: Dodged            |    84 |    16 ||   100
